 Dungeon Crawl Stone Soup version 0.20-a0-705-gbe8799e (webtiles) character file.

252 Minion the Ruffian (level 5, -1/52 HPs)
             Began as a Troll Monk on Feb 21, 2017.
             Slain by a gnoll
             ... wielding a +0 halberd
              (12 damage)
             ... on level 4 of the Dungeon.
             The game lasted 00:03:03 (1901 turns).

Minion the Ruffian (Troll Monk)                     Turns: 1901, Time: 00:03:04

Health: -1/52      AC:  6    Str: 19    XL:     5   Next: 89%
Magic:  4/4        EV:  7    Int:  6    God:
Gold:   123        SH:  0    Dex: 16    Spells: 4/4 levels left

rFire    . . .     SeeInvis .     - Unarmed
rCold    . . .     Gourm    +   a - +0 robe
rNeg     . . .     Faith    .   (no shield)
rPois    .         Spirit   .   (helmet restricted)
rElec    .         Reflect  .   v - +0 cloak
rCorr    .         Harm     .   (gloves unavailable)
MR       .....                  (boots unavailable)
Stlth    ++........             (no amulet)
Regen    0.6/turn               w - +3 ring of dexterity
MPRegen  0.1/turn               k - +3 ring of evasion

@: lethally poisoned (-1 -> -1), held
A: unfitting armour, claws 3, fast metabolism 3, gourmand, regeneration 1,
shaggy fur 1, tough skin 2
a: no special abilities


You were on level 4 of the Dungeon.
You were completely stuffed.

You visited 1 branch of the dungeon, and saw 4 of its levels.

You collected 123 gold pieces.

Inventory:

Armour
 a - a +0 robe (worn)
 v - a +0 cloak (worn)
Jewellery
 k - a +3 ring of evasion (left claw)
 m - an uncursed ring of protection from cold
 w - a +3 ring of dexterity (right claw)
 x - a cursed amulet of inaccuracy {unknown}
Scrolls
 c - 4 scrolls of identify {unknown}
 g - 3 scrolls of amnesia {unknown}
 i - a scroll of enchant armour {unknown}
 j - a scroll of magic mapping {unknown}
 p - a scroll of fog {unknown}
 r - a scroll of enchant weapon {unknown}
 s - a scroll of random uselessness {unknown}
 u - a scroll of remove curse {unknown}
 z - a scroll of fear {unknown}
Potions
 d - a potion of berserk rage {unknown}
 e - a potion of haste {unknown}
 f - a potion of might {unknown}
 l - a potion of mutation {unknown}
 t - a potion of heal wounds {unknown}
Books
 o - a book of Battle

   Spells                             Type                      Level
   a - Infusion                       Charms                       1
   b - Shroud of Golubria             Charms/Translocation         2
   c - Song of Slaying                Charms                       2
   d - Spectral Weapon                Hexes/Charms                 3
   e - Regeneration                   Charms/Necromancy            3
 y - a book of Changes

   Spells                             Type                      Level
   a - Beastly Appendage              Transmutation                1
   b - Sticks to Snakes               Transmutation                2
   c - Spider Form                    Transmutation/Poison         3
   d - Ice Form                       Ice/Transmutation            4
   e - Blade Hands                    Transmutation                5
Comestibles
 b - 3 bread rations
 h - a fruit
 n - 2 royal jellies
 q - 3 meat rations


   Skills:
 + Level 2.8 Fighting
 + Level 2.7 Dodging
 - Level 1.0 Stealth
 + Level 6.2 Unarmed Combat


You had 4 spell levels left.
You didn't know any spells.

Dungeon Overview and Level Annotations

Branches:
Dungeon (4/15)
 Temple: D:4-7

Altars:
Zin


Innate Abilities, Weirdness & Mutations

You are too large for most types of armour.
You have claws for hands.
Your metabolism is lightning-fast.
You like to eat raw meat.
Your natural rate of healing is unusually fast.
You are covered in fur. (AC +1)
You have very tough skin. (AC +2)


Message History

You feel sick. The gnoll barely misses you. The gnoll misses you.
You completely miss the gnoll. The gnoll barely misses you.
You closely miss the gnoll.
You feel sick. The gnoll hits you with a halberd!
You scratch the gnoll.
The gnoll is lightly wounded.
The gnoll barely misses you. x2
You completely miss the gnoll.
The gnoll is lightly wounded.
You feel sick. The gnoll hits you but does no damage.
The gnoll hits you with a halberd!!
* * * LOW HITPOINT WARNING * * *
You are too injured to fight recklessly!
You are too injured to fight recklessly!
You are too injured to fight recklessly!
The gnoll throws a throwing net.
The throwing net hits you.
You become entangled in the net!
You see here a throwing net.
You struggle against the net.
You feel sick.
The gnoll hits you from afar with a halberd!
You die...

######## #........#
#......# #........#
#.####.# #........#
#.####.#.# #........####
#....#.#.# #............
####.#.#.# #............
#<....# #.....g......
.#####....###...@.)......
................##g......
######...######.# .......
#...######.##.......
#...........#.....!.
#...........#.######
#...........#.#
#.............#
###.........###


You could see 2 gnolls.

Vanquished Creatures
  A scorpion (D:4)
  Jessica (D:2)
  A howler monkey skeleton (D:4)
  2 gnolls (D:4)
  8 adders
  2 oozes (D:2)
  3 worms
  A dart slug (D:1)
  A leopard gecko (D:2)
  2 giant cockroaches (D:2)
  7 goblins
  10 hobgoblins
  5 kobolds
  A ball python (D:3)
  4 bats
  4 frilled lizards
  8 rats
61 creatures vanquished.

Notes
Turn   | Place    | Note
-------+----------+-------------------------------------------
     0 | D:1      | Minion the Troll Monk began the quest for the Orb.
     0 | D:1      | Reached XP level 1. HP: 22/22 MP: 0/0
   129 | D:1      | Reached XP level 2. HP: 27/29 MP: 1/1
   322 | D:1      | Reached skill level 4 in Unarmed Combat
   527 | D:2      | Reached XP level 3. HP: 36/36 MP: 2/2
   553 | D:2      | Noticed Jessica
   571 | D:2      | Killed Jessica
   571 | D:2      | Reached skill level 5 in Unarmed Combat
   571 | D:2      | Reached XP level 4. HP: 35/44 MP: 3/3
   738 | D:2      | Found a glowing silver altar of Zin.
  1077 | D:3      | Reached XP level 5. HP: 38/50 MP: 4/4
  1322 | D:3      | Reached skill level 6 in Unarmed Combat
  1901 | D:4      | Slain by a gnoll

Vault maps used:
D:1:      nicolae_arrival_washed_ashore
D:2:      nicolae_overflow_crystal_walls, uniq_jessica
D:3:      first_bread
D:4:      nicolae_elemental_shop

Skill      XL: |  1  2  3  4  5 |
---------------+----------------+-----
Unarmed Combat | 4 5 6 |  6.2
Fighting       | |  2.8
Dodging        | |  2.7
Stealth        | |  1.0

Action                   |  1- 3 |  4- 6 || total
-------------------------+-------+-------++-------
Melee: Unarmed           |    67 |    99 ||   166
 Stab: Sleeping          |       |     3 ||     3
  Eat: Chunk             |    11 |    12 ||    23
Armor: Robe              |    20 |    18 ||    38
Dodge: Dodged            |    41 |    60 ||   101
